 Dungeon Crawl Stone Soup version 0.17-a0-18-gc25b939 (webtiles) character file.

93 Chiseanne the Magician (level 4, -5/27 HPs)
             Began as an Octopode Wizard on Mar 12, 2015.
             Slain by a gnoll
             ... wielding a +2 flail of crushing
              (9 damage)
             ... on level 2 of the Dungeon.
             The game lasted 00:04:10 (1920 turns).

Chiseanne the Magician (Octopode Wizard)            Turns: 1920, Time: 00:04:10

Health: -5/27      AC:  2    Str:  7    XL:     4   Next: 62%
Magic:  1/11       EV: 12    Int: 20    God:
Gold:   75         SH:  0    Dex: 10    Spells: 5 memorised, 0 levels left

rFire  . . .     SeeInvis .     j - +0 short sword
rCold  . . .     Clarity  .     (no shield)
rNeg   . . .     SustAb   .     e - +1 hat
rPois  .         Gourm    .     (no amulet)
rElec  .         Spirit   .     (no ring)
rCorr  .         Warding  .     (no ring)
rMut   .         Stasis   .     (no ring)
MR     .....                    (no ring)
Stlth  +++.......               (no ring)
                                (no ring)
                                (no ring)
                                (no ring)

@: very slightly contaminated, not resistant to hostile enchantments, fairly
stealthy
A: almost no armour, amphibious, 8 rings, constrict 8, camouflage 1, gelatinous
body 1
a: no special abilities


You were on level 2 of the Dungeon.
You were not hungry.

You visited 1 branch of the dungeon, and saw 2 of its levels.

You collected 75 gold pieces.

Inventory:

Hand weapons
 j - a +0 short sword (weapon)
Missiles
 p - 21 bolts
Armour
 e - a +1 hat (worn)
Scrolls
 b - a scroll of amnesia
 g - 3 scrolls of remove curse {unknown}
 h - a scroll of teleportation {unknown}
 i - a scroll of identify {unknown}
 l - a scroll of recharging {unknown}
 m - a scroll of noise {unknown}
 n - a scroll of random uselessness {unknown}
Potions
 f - 2 potions of haste {unknown}
 k - a potion of beneficial mutation {unknown}
 q - a potion of invisibility {unknown}
 r - a potion of restore abilities {unknown}
Books
 c - a book of Minor Magic

   Spells                             Type                      Level
   a - Magic Dart                     Conjuration                  1
   b - Blink                          Translocation                2
   c - Call Imp                       Summoning                    2
   d - Repel Missiles                 Charms/Air                   2
   e - Slow                           Hexes                        2
   f - Conjure Flame                  Conjuration/Fire             3
   g - Mephitic Cloud                 Conjuration/Poison/Air       3
Comestibles
 a - a slice of pizza
 d - a bread ration
 o - a beef jerky


   Skills:
 * Level 2.4 Dodging
 - Level 2.6 Stealth
 * Level 4.4 Spellcasting
 * Level 1.7 Conjurations
   Level 1.0 Summonings
 - Level 1.0 Translocations


You couldn't memorise any spells.
You knew the following spells:

 Your Spells              Type           Power        Failure   Level  Hunger
a - Magic Dart            Conj           ##..         10%         1    None
b - Blink                 Tloc           N/A          14%         2    #......
c - Repel Missiles        Chrm/Air       #.....       21%         2    #......
d - Conjure Flame         Conj/Fire      #.......     30%         3    ###....
e - Mephitic Cloud        Conj/Pois/Air  #.......     30%         3    ###....


Dungeon Overview and Level Annotations

Branches:
Dungeon (2/15)

Altars:


Innate Abilities, Weirdness & Mutations

You cannot wear most types of armour.
You are amphibious.
You can wear up to eight rings at the same time.
You can use your tentacles to constrict many enemies at once.
Your skin changes colour to match your surroundings (Stealth).
Your rubbery body absorbs attacks (AC +1).


Message History

You hit the gnoll but do no damage. You grab the gnoll.
The gnoll is heavily wounded.
You constrict the gnoll. The gnoll misses you.
You hit the gnoll.
The gnoll is almost dead.
You constrict the gnoll.
You kill the gnoll!
The gnoll closely misses you.
You see here a gnoll corpse.
You barely miss the gnoll. Your grab misses the gnoll.
The gnoll hits you with a flail of crushing!
You hit the gnoll but do no damage. You grab the gnoll.
You constrict the gnoll, but do no damage.
The gnoll hits you with a flail of crushing!
* * * LOW HITPOINT WARNING * * *
x2 You hit the gnoll.
You squeeze the gnoll.
The gnoll is moderately wounded.
You constrict the gnoll, but do no damage.
The gnoll hits you with a flail of crushing!
You die...

#......#######
#....##.# #
#.###........#
#.#####.#
#........###..####.#
#
#........##.....##.#
###'#...........##'##
#.#....#..........#
#.#....#..........#
#.#....#..........#
#.#.##..@g.......[#
#+#+##.####..#....#
...# #..#....# ..?..#
#.......# .......#
#.#.##'## ......
........ ..<..
##.......# ....
#.......# . '...


You could see a gnoll.

Vanquished Creatures
  Jessica (D:2)
  3 adders (D:2)
  2 gnolls (D:2)
  2 oozes
  A giant gecko (D:1)
  3 giant cockroaches
  2 goblins
  2 hobgoblins
  2 kobolds (D:1)
  4 bats
  2 giant newts
  4 rats
28 creatures vanquished.

Notes
Turn   | Place    | Note
--------------------------------------------------------------
     0 | D:1      | Chiseanne, the Octopode Wizard, began the quest for the Orb.
     0 | D:1      | Reached XP level 1. HP: 11/11 MP: 4/4
   595 | D:1      | Reached XP level 2. HP: 17/17 MP: 0/6
  1333 | D:2      | Noticed Jessica
  1341 | D:2      | Killed Jessica
  1341 | D:2      | Reached XP level 3. HP: 21/21 MP: 2/8
  1426 | D:2      | Reached skill level 4 in Spellcasting
  1558 | D:2      | Reached XP level 4. HP: 27/27 MP: 4/11
  1832 | D:2      | Learned a level 2 spell: Blink
  1835 | D:2      | Learned a level 2 spell: Repel Missiles
  1839 | D:2      | Learned a level 3 spell: Conjure Flame
  1860 | D:2      | Learned a level 3 spell: Mephitic Cloud
  1920 | D:2      | Slain by a gnoll

Action                   |  1- 3 |  4- 6 || total
-------------------------+-------+-------++-------
Melee: Club              |    10 |       ||    10
       Unarmed           |     3 |       ||     3
       Short sword       |     4 |     6 ||    10
 Cast: Magic Dart        |    49 |    33 ||    82
  Use: Scroll            |     1 |       ||     1
  Eat: Chunk             |     2 |     1 ||     3
